Map: Moebius Facility XX-1

Players

penne

  • Race: Terran Terran
  • Spawn Location: 12:00

Amix

  • Race: Terran Terran
  • League: Platinum
  • Spawn Location: 11:00

Blimp

  • Race: Zerg Zerg
  • Spawn Location: 6:00

ogogost

  • Race: Zerg Zerg
  • Spawn Location: 5:00

EVILKRE

  • Race: Terran Terran
  • Spawn Location: 12:00

TinyHippo

  • Race: Zerg Zerg
  • Spawn Location: 6:00

Eljot

  • Race: Protoss Protoss
  • Spawn Location: 7:00

DONBON

  • Race: Protoss Protoss
  • Spawn Location: 1:00

VOD

Have the link to the VOD?

Description

Time

  • Played on: Nov. 29, 2016, 6:16 a.m.
  • Length: 10:00
Show
View Real Time Build Order
Export as new Build Order

penne Terran 

Build Orders:  

Get SALT Encoding   

  12  1:42  SCV  
  12  1:43  Command Center  
  13  1:48  Supply Depot  
  13  1:49  Refinery  
  13  1:52  Refinery  
  13  1:54  SCV  
  14  1:56  Engineering Bay  
  14  2:04  Supply Depot  
  14  2:06  SCV  
  15  2:13  Barracks  
  15  2:18  SCV  
  16  2:30  SCV  
  17  2:42  SCV  
  19  3:03  Planetary Fortress  
  18  3:14  Marine, Factory  
  18  3:31  Marine  
  12  3:45  SCV  
  13  3:49  Marine  
  13  3:57  SCV  
  14  4:07  Marine  
  14  4:09  SCV  
  16  4:21  SCV  
  17  4:25  Marine  
  15  4:34  SCV  
  16  4:38  Factory Tech Lab  
  16  4:45  SCV  
  17  4:46  SCV  
  18  4:57  SCV  
  18  4:58  Barracks Reactor, SCV  
  20  5:08  Siege Tank  
  20  5:09  SCV  
  20  5:10  SCV  
  25  5:21  SCV  
  25  5:22  SCV  
  27  5:33  SCV  
  27  5:34  SCV  
  29  5:45  SCV, Starport  
  29  5:46  SCV  
  31  5:50  Missile Turret  
  31  5:57  SCV  
  31  5:58  SCV  
  31  5:59  Refinery  
  33  6:05  Refinery  
  33  6:10  SCV x2  
  35  6:17  Missile Turret  
  35  6:19  Hi-Sec Auto Tracking  
  35  6:22  SCV x2  
  37  6:29  Starport Tech Lab  
  37  6:32  Siege Tank  
  40  6:37  SCV  
  41  6:49  SCV  
  41  6:52  Cloaking Field  
  42  6:55  Banshee  
  45  7:02  SCV  
  46  7:18  Missile Turret  
  46  7:24  Supply Depot  
  46  7:45  Widow Mine, Banshee  
  46  7:46  SCV  
  46  7:48  Supply Depot  
  52  7:58  SCV  
  53  8:10  SCV  
  53  8:12  Armory, Starport  
  54  8:13  Missile Turret  
  54  8:14  Widow Mine, Missile Turret  
  54  8:16  Armory  
  56  8:22  SCV  
  56  8:26  Starport  
  57  8:28  Banshee  
  57  8:31  Missile Turret  
  60  8:34  SCV, Missile Turret  
  61  8:46  Armory  
  62  8:50  Starport Tech Lab  
  62  8:52  Supply Depot  
  62  8:55  Missile Turret  
  62  8:58  Orbital Command  
  61  9:11  Starport Tech Lab  
  61  9:13  Widow Mine, Banshee  
  61  9:16  Supply Depot  
  72  9:43  Supply Depot  
  74  9:59  Supply Depot  
Show
View Real Time Build Order
Export as new Build Order

Amix Terran 

Build Orders:  

Get SALT Encoding   

  12  0:34  SCV  
  13  0:46  SCV  
  13  0:47  Refinery  
  13  0:49  Refinery  
  14  0:51  Supply Depot  
  14  0:59  SCV  
  15  1:12  SCV  
  15  1:16  Barracks  
  16  1:30  Supply Depot  
  16  1:36  SCV  
  17  1:48  Barracks, SCV  
  18  1:54  Barracks  
  18  2:01  SCV  
  19  2:06  Barracks Tech Lab  
  19  2:18  SCV, Factory  
  20  2:33  Engineering Bay  
  20  2:42  Barracks Reactor  
  20  2:55  Barracks Reactor  
  20  3:13  Command Center, Orbital Command  
  20  3:20  Concussive Shells  
  19  3:27  Terran Infantry Weapons Level 1  
  19  3:32  Marine x2  
  20  4:05  Bunker  
  20  4:07  Marine x2  
  20  4:09  Marauder, Marine  
  25  4:17  Supply Depot  
  25  4:18  Supply Depot  
  21  4:55  SCV  
  21  4:56  Marine x2  
  21  4:57  Marine x3  
  27  5:07  SCV  
  28  5:14  Marine x4  
  28  5:15  Marine  
  33  5:24  Command Center  
  33  5:32  Marine x2  
  35  5:36  Marine  
  35  5:39  Marine  
  37  5:50  Marine  
  37  5:56  Factory Tech Lab  
  38  5:58  SCV  
  39  6:07  Marine x2  
  39  6:09  Marine x2  
  39  6:10  SCV  
  44  6:23  SCV  
  45  6:35  SCV  
  46  6:43  Marine x4  
  46  6:44  Marine  
  51  7:14  Marine x5  
  55  7:32  Marine x5  
  53  7:50  Marine x5  
  42  8:07  Marine x2  
  42  8:08  Marine x3  
  47  8:25  Marine x4  
  47  8:26  Marine  
  52  8:43  Marine x5  
  56  9:00  SCV  
  56  9:01  Marine  
  56  9:02  Marine x4  
  53  9:12  SCV  
  54  9:19  Marine x3  
  54  9:20  Marine x2  
  59  9:25  SCV  
  60  9:37  Marine  
  54  9:50  Refinery x2  
Show
View Real Time Build Order
Export as new Build Order

Blimp Zerg 

Build Orders: Pool First 

Get SALT Encoding   

  12  0:03  Drone  
  13  0:14  Drone  
  14  0:30  Spawning Pool  
  14  0:32  Drone  
  14  0:40  Overlord  
  14  0:59  Drone  
  14  1:02  Drone  
  16  1:18  Queen  
  18  1:21  Zergling x4  
  18  1:23  Zergling x2  
  21  1:33  Zergling x2  
  22  1:44  Overlord  
  22  1:48  Extractor  
  21  1:57  Drone  
  22  2:07  Drone  
  23  2:17  Drone  
  23  2:22  Hatchery  
  21  2:36  Drone  
  21  2:37  Drone x3  
  25  2:44  Drone  
  25  3:01  Lair  
  25  3:02  Drone  
  25  3:05  Drone  
  26  3:15  Drone  
  27  3:28  Drone  
  27  3:29  Extractor  
  27  3:37  Drone x3  
  27  3:39  Evolution Chamber  
  27  3:40  Evolution Chamber  
  27  3:41  Drone, Queen  
  31  3:49  Drone x2  
  33  3:56  Drone  
  33  3:57  Drone  
  35  4:04  Hydralisk Den  
  35  4:07  Drone  
  35  4:08  Drone  
  36  4:20  Overlord x3  
  36  4:21  Overlord  
  36  4:30  Spore Crawler, Overlord  
  36  4:31  Spore Crawler, Overlord  
  35  4:36  Hydralisk  
  36  4:43  Drone  
  36  4:44  Spore Crawler  
  36  4:45  Drone  
  37  4:53  Hydralisk  
  37  4:58  Hydralisk x3  
  45  5:02  Drone  
  46  5:11  Hydralisk  
  46  5:12  Hydralisk  
  50  5:14  Overlord  
  50  5:23  Muscular Augments  
  50  5:28  Drone x2  
  50  5:29  Drone  
  50  5:30  Drone  
  54  5:46  Hydralisk x2  
  54  5:48  Overlord  
  58  5:52  Drone x2  
  58  5:56  Extractor x2  
  58  6:08  Hydralisk  
  58  6:09  Hydralisk  
  62  6:24  Hydralisk x2  
  66  6:26  Overlord  
  66  6:27  Hatchery  
  66  6:28  Drone x3  
  68  6:47  Hydralisk x3  
  72  7:00  Hydralisk  
  74  7:03  Overlord x3  
  74  7:04  Overlord  
  60  7:24  Hydralisk x3  
  48  7:45  Hydralisk x2  
  48  7:48  Hydralisk  
  48  7:50  Overlord x2  
Show
View Real Time Build Order
Export as new Build Order

ogogost Zerg 

Build Orders: Pool First 

Get SALT Encoding   

  12  0:25  Drone  
  12  0:26  Drone  
  14  0:34  Overlord  
  14  0:38  Spawning Pool  
  14  0:39  Extractor  
  12  0:45  Drone  
  12  0:49  Drone  
  14  0:59  Drone  
  15  1:21  Drone, Hatchery  
  15  1:32  Drone  
  16  1:40  Queen  
  18  1:48  Metabolic Boost  
  18  1:53  Drone  
  19  1:56  Drone  
  19  2:01  Drone  
  21  2:10  Zergling x2  
  22  2:21  Baneling Nest  
  22  2:22  Zergling x2  
  22  2:30  Overlord  
  22  2:33  Drone  
  23  2:39  Drone  
  24  2:57  Zergling x8  
  28  3:06  Baneling x2  
  28  3:42  Drone x8  
  28  3:46  Extractor  
  28  3:47  Extractor  
  34  4:15  Baneling  
  34  4:23  Drone  
  35  4:24  Drone  
  35  4:26  Overlord x3  
  33  4:57  Drone x6  
  39  5:06  Lair  
  39  5:10  Extractor  
  39  5:12  Drone x2  
  40  5:21  Hatchery  
  39  5:28  Baneling x2  
  39  5:33  Hatchery  
  38  5:45  Drone  
  38  5:46  Drone x5  
  38  5:48  Drone  
  45  5:50  Drone  
  46  5:57  Zergling x4  
  48  6:11  Extractor x2  
  46  6:22  Infestation Pit  
  45  6:27  Zergling x16  
  45  6:28  Zergling x2  
  45  6:31  Baneling  
  45  6:32  Baneling x3  
  54  6:37  Baneling x2  
  54  6:39  Centrifical Hooks  
  40  7:02  Zergling x4  
  40  7:03  Zergling x28  
  54  7:17  Zergling x8  
  54  7:22  Hydralisk Den  
  32  7:37  Spore Crawler  
  32  7:40  Spore Crawler  
  32  7:42  Spore Crawler  
  25  7:46  Baneling x2  
  25  7:49  Zergling x14  
  16  7:53  Grooved Spines  
Show
View Real Time Build Order
Export as new Build Order

EVILKRE Terran 

Build Orders:  

Get SALT Encoding   

  12  0:01  SCV  
  13  0:13  SCV  
  14  0:20  Supply Depot  
  14  0:25  SCV  
  15  0:30  Refinery  
  15  0:44  Barracks  
  15  1:00  Barracks  
  15  1:05  Refinery  
  15  1:09  SCV  
  16  1:24  Barracks  
  16  1:29  Refinery  
  16  1:36  Reaper  
  17  1:42  SCV  
  18  1:47  Reaper  
  20  2:08  Supply Depot, Reaper  
  20  2:12  Reaper  
  21  2:19  Reaper  
  22  2:40  Reaper  
  23  2:45  Reaper  
  24  2:51  Reaper  
  25  3:05  Orbital Command  
  25  3:12  Reaper  
  26  3:17  Reaper  
  27  3:23  Reaper  
  26  3:44  Reaper  
  26  3:45  SCV  
  28  3:49  Reaper  
  29  3:57  SCV  
  29  4:09  SCV  
  30  4:22  Supply Depot  
  30  4:29  Command Center  
  25  4:55  Reaper  
  25  4:56  Reaper x2  
  28  5:01  SCV, Factory  
  29  5:10  Factory  
  29  5:20  SCV  
  30  5:25  Supply Depot  
  30  5:28  Reaper x3  
  33  5:32  SCV  
  34  5:48  Command Center  
  34  5:52  SCV  
  34  5:56  Refinery  
  35  6:00  Reaper x3  
  38  6:09  Armory  
  38  6:11  Factory Tech Lab x2  
  38  6:33  SCV  
  39  6:45  SCV  
  40  6:57  SCV  
  41  7:09  SCV  
  41  7:19  Thor  
  41  7:20  Thor  
  41  7:22  SCV  
  54  7:28  Factory  
  54  7:34  SCV  
  54  7:46  SCV  
  55  7:56  SCV  
  55  7:57  Refinery  
  55  7:58  SCV  
  57  8:02  Refinery  
  57  8:06  Refinery  
  57  8:08  SCV  
  57  8:10  SCV  
  50  8:20  SCV  
  50  8:22  SCV  
  50  8:23  Thor, Factory Tech Lab  
  58  8:29  Engineering Bay  
  58  8:32  SCV  
  59  8:34  SCV  
  60  8:44  SCV  
  60  8:46  SCV  
  62  8:56  SCV  
  62  8:58  SCV  
  62  9:02  Thor x2  
  76  9:09  SCV  
  77  9:13  SCV  
  77  9:16  Supply Depot  
  78  9:17  Supply Depot  
  78  9:19  Supply Depot  
  78  9:21  SCV  
  86  9:38  SCV  
  86  9:43  SCV  
Show
View Real Time Build Order
Export as new Build Order

TinyHippo Zerg 

Build Orders: Hatch First 

Get SALT Encoding   

  12  0:04  Drone  
  13  0:08  Drone  
  14  0:20  Overlord  
  14  0:39  Drone x3  
  17  1:00  Hatchery  
  16  1:04  Drone  
  16  1:05  Drone  
  18  1:16  Spawning Pool  
  17  1:22  Drone  
  17  1:23  Drone  
  19  1:40  Overlord  
  19  1:46  Extractor  
  18  1:48  Drone  
  19  2:03  Queen  
  19  2:08  Zergling x4  
  23  2:14  Queen  
  23  2:15  Drone  
  26  2:23  Drone x2  
  28  2:34  Drone x2  
  30  2:45  Hatchery, Overlord  
  29  2:53  Drone x2  
  30  3:20  Zergling x2  
  30  3:21  Zergling x14  
  30  3:25  Roach Warren  
  36  3:27  Evolution Chamber, Extractor  
  34  3:42  Drone x3  
  34  3:43  Drone x2  
  39  4:00  Queen  
  39  4:01  Drone x2  
  39  4:02  Drone x3  
  46  4:15  Lair  
  46  4:17  Zerg Missile Weapons Level 1  
  46  4:21  Spore Crawler  
  45  4:25  Spore Crawler  
  45  4:27  Drone  
  45  4:28  Drone x3  
  48  4:33  Overlord  
  48  4:45  Roach  
  50  4:49  Overlord  
  50  4:50  Overlord x2  
  50  4:56  Roach x3  
  56  5:06  Drone x2, Overlord  
  56  5:07  Overlord  
  58  5:15  Spore Crawler  
  58  5:17  Drone  
  58  5:18  Drone x4  
  62  5:23  Glial Reconstitution  
  62  5:27  Drone  
  62  5:28  Drone x2  
  65  5:37  Roach  
  65  5:38  Roach x3  
  73  5:43  Spine Crawler  
  72  5:55  Pneumatized Carapace  
  72  5:59  Drone x5  
  72  6:00  Drone  
  72  6:03  Extractor  
  77  6:05  Extractor  
  77  6:07  Extractor  
  77  6:10  Drone x7, Extractor  
  77  6:11  Drone x3  
  84  6:19  Roach x3  
  90  6:32  Hydralisk Den  
  89  6:36  Spore Crawler  
  89  6:38  Spore Crawler  
  83  7:20  Lurker Den  
  83  7:22  Roach  
  81  7:23  Roach x4  
  83  7:50  Overlord  
  83  7:51  Overlord x7  
  83  7:52  Overlord  
  81  8:15  Overseer x3  
  81  8:18  Hydralisk  
  81  8:19  Hydralisk x7  
  87  8:20  Hydralisk x2  
  87  8:21  Overlord x2  
  87  8:22  Overlord x3  
  101  8:32  Metabolic Boost  
  100  8:58  Zergling x2  
  100  8:59  Zergling x22  
  100  9:00  Zergling x8  
  116  9:04  Hydralisk  
  116  9:05  Hydralisk  
  120  9:23  Overseer  
  120  9:34  Evolution Chamber  
  120  9:37  Hatchery  
Show
View Real Time Build Order
Export as new Build Order

Eljot Protoss 

Build Orders:  

Get SALT Encoding   

  12  0:07  Probe (Chrono Boost)  
  13  0:18  Probe (Chrono Boost)  
  14  0:28  Pylon  
  14  0:30  Probe (Chrono Boost)  
  15  0:47  Probe (Chrono Boost)  
  16  0:50  Gateway  
  16  0:57  Probe (Chrono Boost)  
  17  1:08  Probe (Chrono Boost)  
  19  1:18  Probe (Chrono Boost)  
  19  1:25  Assimilator  
  19  1:28  Assimilator  
  19  1:29  Probe (Chrono Boost)  
  20  1:34  Pylon  
  20  1:37  Cybernetics Core  
  20  1:55  Nexus  
  20  1:59  Probe (Chrono Boost)  
  21  2:07  Forge  
  21  2:09  Probe (Chrono Boost)  
  21  2:15  Stalker  
  24  2:22  Probe (Chrono Boost)  
  25  2:33  Probe (Chrono Boost)  
  26  2:45  Probe (Chrono Boost)  
  26  2:47  Pylon  
  27  2:54  Pylon  
  27  2:55  Warp Gate (Chrono Boost)  
  27  2:57  Stalker  
  29  3:09  Photon Cannon  
  29  3:10  Probe  
  29  3:12  Probe  
  31  3:21  Probe  
  31  3:24  Probe  
  31  3:25  Photon Cannon  
  33  3:43  Gateway  
  33  3:47  Gateway  
  33  3:52  Photon Cannon  
  33  4:02  Photon Cannon  
  33  4:04  Pylon  
  33  4:05  Mothership Core  
  35  4:11  Stalker  
  35  4:16  Probe  
  38  4:26  Probe  
  38  4:27  Probe  
  40  4:34  Protoss Shields Level 1 (Chrono Boost)  
  40  4:45  Stalker x2  
  44  4:47  Photon Cannon  
  44  4:49  Probe  
  44  4:50  Pylon  
  44  4:51  Probe  
  46  5:06  Gateway x2  
  46  5:09  Pylon  
  46  5:13  Probe  
  46  5:14  Probe  
  46  5:18  Assimilator  
  46  5:20  Assimilator  
  48  5:21  Sentry  
  48  5:22  Sentry x2  
  54  5:32  Pylon  
  54  5:46  Stalker x3  
  60  5:53  Photon Cannon  
  60  5:54  Pylon  
  60  6:10  Photon Cannon  
  60  6:12  Probe, Pylon  
  60  6:13  Probe  
  62  6:23  Probe  
  63  6:25  Probe  
  63  6:31  Stalker x4  
  63  6:32  Stalker  
  68  7:39  Stalker x2  
  68  7:40  Stalker x3  
  76  8:14  Photon Cannon  
  76  8:15  Photon Cannon  
  76  8:17  Photon Cannon  
  76  9:06  Stalker x2  
  76  9:07  Sentry  
  76  9:08  Sentry x2  
  86  9:19  Robotics Facility x2  
  86  9:23  Pylon  
  86  9:35  Forge  
Show
View Real Time Build Order
Export as new Build Order

DONBON Protoss 

Build Orders: Forge Fast Expand (FFE) 

Get SALT Encoding   

  12  0:29  Probe (Chrono Boost)  
  13  0:39  Pylon  
  13  0:40  Probe (Chrono Boost)  
  14  0:50  Probe (Chrono Boost)  
  15  0:59  Forge  
  15  1:01  Probe (Chrono Boost)  
  16  1:19  Nexus  
  16  1:23  Probe (Chrono Boost)  
  17  1:39  Photon Cannon  
  17  1:58  Probe (Chrono Boost)  
  17  2:00  Pylon  
  18  2:09  Probe (Chrono Boost)  
  19  2:19  Probe (Chrono Boost)  
  19  2:20  Gateway  
  20  2:23  Assimilator  
  20  2:28  Assimilator  
  20  2:30  Probe (Chrono Boost)  
  20  2:40  Probe (Chrono Boost)  
  20  2:44  Photon Cannon  
  21  2:51  Probe (Chrono Boost)  
  21  3:01  Probe (Chrono Boost)  
  21  3:03  Pylon  
  22  3:07  Probe (Chrono Boost)  
  22  3:12  Probe (Chrono Boost)  
  24  3:18  Probe (Chrono Boost)  
  25  3:23  Probe (Chrono Boost)  
  26  3:28  Probe (Chrono Boost), Photon Cannon  
  26  3:31  Cybernetics Core  
  27  3:38  Probe (Chrono Boost)  
  28  3:41  Pylon  
  28  3:53  Pylon  
  28  4:08  Stargate  
  28  4:12  Stargate  
  28  4:16  Photon Cannon, Pylon  
  28  4:17  Probe (Chrono Boost)  
  28  4:19  Probe (Chrono Boost)  
  30  4:28  Probe (Chrono Boost)  
  30  4:30  Probe (Chrono Boost)  
  32  4:40  Probe (Chrono Boost)  
  33  4:55  Phoenix (Chrono Boost)  
  33  4:56  Phoenix (Chrono Boost)  
  33  4:59  Probe, Mothership Core  
  39  5:05  Assimilator  
  40  5:09  Probe  
  40  5:10  Assimilator  
  41  5:20  Probe, Photon Cannon  
  41  5:21  Gateway  
  41  5:23  Pylon x2  
  42  5:29  Phoenix (Chrono Boost)  
  42  5:30  Probe  
  42  5:32  Probe, Phoenix (Chrono Boost)  
  48  5:41  Probe  
  48  5:44  Probe  
  50  5:51  Probe  
  50  5:54  Phoenix (Chrono Boost)  
  55  5:57  Phoenix (Chrono Boost)  
  55  6:02  Probe  
  56  6:06  Pylon  
  56  6:09  Pylon  
  56  6:14  Probe  
  56  6:16  Phoenix (Chrono Boost)  
  59  6:19  Phoenix (Chrono Boost)  
  61  6:28  Fleet Beacon  
  61  6:38  Phoenix (Chrono Boost)  
  63  6:47  Phoenix (Chrono Boost)  
  65  8:09  Phoenix x2 (Chrono Boost)  
  69  8:30  Phoenix (Chrono Boost)  
  69  8:31  Phoenix (Chrono Boost)  
  73  8:52  Phoenix x2 (Chrono Boost)  
  77  9:14  Phoenix x2 (Chrono Boost)  
  81  9:36  Phoenix x2 (Chrono Boost)  
  85  9:54  Nexus  
Tags
 
Add a new tag
Caveats
  • Supply blocks, unpowered buildings, or Contaminate may cause inaccurate times.
  • Supply counts are checked every 10 seconds.